 Dungeon Sprint DCSS version 0.27.1-33-g824d729ab1 (webtiles) character file.

Game seed: 15036735744753979406

582 McKennaii the Zephyrmancer (level 6, -5/45 HPs)
             Began as a Demigod Air Elementalist on Dec 3, 2021.
             Shot with a bolt by a yaktaur captain (31 damage)
             ... in the Dungeon (Sprint II: "The Violet Keep of Menkaure").
             The game lasted 00:04:43 (446 turns).

McKennaii the Zephyrmancer (DgAE)                    Turns: 446, Time: 00:04:43

Health: -5/45      AC:  1    Str:  9    XL:     6   Next: 90%
Magic:  16/20      EV: 12    Int: 23    God:
Gold:   210        SH:  0    Dex: 14    Spells: 13/20 levels left

rFire    . . .     SeeInvis .   (no weapon)
rCold    . . .     Faith    .   (no shield)
rNeg     . . .     Spirit   .   a - +0 robe
rPois    .         Reflect  .   (no helmet)
rElec    .         Harm     .   (no cloak)
rCorr    .         Rampage  .   (no gloves)
Will     .....     NoTele   +   (no boots)
Stlth    +.........             (no amulet)
HPRegen  0.15/turn              (no ring)
MPRegen  0.17/turn              (no ring)

@: unable to read, very slow
A: high mp 1, forlorn, deformed body, dopey 1, no potion heal 1, inability to
read while threatened
a: no special abilities


You were in the Dungeon.
You visited 1 branch You collected 243 gold pieces.
You spent 33 gold pieces at shops.

Inventory:

Armour
 a - a +0 robe (worn)
Scrolls
 g - a scroll of blinking
Potions
 b - a potion of curing
 c - a potion of heal wounds
 d - a potion of haste
 e - 2 potions of magic
 f - a potion of lignification


   Skills:
 - Level 1.7 Dodging
 - Level 1.7 Stealth
 + Level 7.7 Spellcasting
 + Level 8.2 Conjurations
 + Level 8.7 Air Magic


You had 13 spell levels left.
You knew the following spells:

 Your Spells              Type           Power      Damage    Failure   Level
a - Shock                 Conj/Air       100%       1d9       1%          1
b - Static Discharge      Conj/Air       47%        N/A       1%          2
c - Airstrike             Air            24%        N/A       1%          4

Your spell library contained the following spells:

 Spells                   Type           Power      Damage    Failure   Level
 Swiftness                Air            49%        N/A       1%          3


Dungeon Overview and Level Annotations

Branches:
Dungeon (1/1)

Shops:
D *:=(((?[!:[==?!

Annotations:
D exclusion: oklob plant, Kirke


Innate Abilities, Weirdness & Mutations

Your attributes grow dramatically as you level up.
You have an increased reservoir of magic. (+10% MP)
You shall have no god before yourself.
Armour fits poorly on your strangely shaped body.
You are dopey. (Int -2)
Potions are less effective at restoring your health.
You sometimes lose the ability to read scrolls when taking damage.


Message History

The hell rat splashes around in the water.
Casting: Static Discharge (safe; 1% risk of failure)
Confirm with . or Enter, or press ? or * to list all spells.
Aiming: Shock (safe; 1% risk of failure)
Press: ? - help, Shift-Dir - straight line The zap hits the hell rat.
You kill the hell rat!
You start resting.
HP restored.
You start resting.
The water moccasin hisses angrily.
You hear an angry hiss.
Magic restored.
You enter the shallow water.
Moving in this stuff is going to be slow.
The lava snake hisses angrily.
The walls and floor vibrate strangely for a moment.
There is an open door here.
You enter the shallow water.
Moving in this stuff is going to be slow.
Really walk into a travel-excluded area?
Okay, then.
A centaur warrior, a yaktaur captain and Kirke come into view.
Kirke shouts!
The yaktaur captain shouts!
The centaur warrior shouts!
You hear a bellow! x2
The yaktaur captain wields a +0 arbalest.
The yaktaur captain shoots a bolt.
The bolt hits you!!
Kirke moves out of view.
You hear a trumpeting!
A skeletal warrior comes into view. It is wielding a +0 scimitar.
Casting: Shock (safe; 1% risk of failure)
Confirm with . or Enter, or press ? or * to list all spells.
Aiming: Airstrike (dangerous; 1% risk of failure)
Press: ? - help, Dir - move target, f - yaktaur captain
Aim: a yaktaur captain, wielding a +0 arbalest and quivering bolts The air twists around and strikes the yaktaur captain!
The yaktaur captain is lightly wounded.
The yaktaur captain shoots a bolt.
The bolt barely misses you.
Unknown command.
The yaktaur captain shoots a bolt.
The bolt hits you!!
You feel threatened and lose the ability to read scrolls!
Ouch! That really hurt!
You die...

. ## °° @z#### .°○
.c≈## .°°#
############≈≈#+++#°○'#
###########≈≈≈.○○○○○°°.
##........#≈@≈≈.##+##
##....⌠...#≈≈≈≈##$ .##
##...∩.∩..#≈≈≈≈#.B B.
##..∩.∩.∩.#≈≈### .#. #
##.∩.∩.∩.∩#≈##.###+# .#
##∩.∩...∩.#≈#...##.##.#
#
##.∩.....∩'≈'.#)'.<.+#
.##
##........#≈#...##.###
...§
#▓▓▓▓▓▓▓###≈##.###+#
#....


You could see a yaktaur captain.

Vanquished Creatures
  A merfolk siren (D)
  2 neqoxecs (D)
  A hell rat (D)
4 creatures vanquished.

Vanquished Creatures (others)
  A neqoxec (D)
  Menkaure (D)
  A water moccasin (D)
3 creatures vanquished.

Grand Total: 7 creatures vanquished

Notes
Turn   | Place    | Note
-------+----------+-------------------------------------------
     0 | D        | McKennaii the Demigod Air Elementalist began the quest for
                  | the Orb.
     0 | D        | Reached XP level 1. HP: 14/14 MP: 5/5
     1 | D        | Noticed a neqoxec
     2 | D        | Gained mutation: You are dopey. (Int -2) [a neqoxec]
     4 | D        | Gained mutation: You sometimes lose the ability to read
                  | scrolls when taking damage. [a neqoxec]
     7 | D        | Gained mutation: Potions are less effective at restoring
                  | your health. [a neqoxec]
    11 | D        | Noticed a neqoxec
    12 | D        | Killed a neqoxec
    13 | D        | Reached skill level 5 in Air Magic
    13 | D        | Reached XP level 2. HP: 7/20 MP: 0/10
    13 | D        | Reached XP level 3. HP: 9/26 MP: 0/12
    13 | D        | Reached XP level 4. HP: 12/33 MP: 0/14
    15 | D        | Killed a water moccasin
    20 | D        | Gained mutation: Armour fits poorly on your strangely
                  | shaped body. [a neqoxec]
    21 | D        | Killed a neqoxec
    22 | D        | Reached XP level 5. HP: 10/38 MP: 0/17
    82 | D        | Killed Menkaure
    89 | D        | Killed a neqoxec
   249 | D        | Learned a level 2 spell: Static Discharge
   249 | D        | Noticed a boulder beetle
   249 | D        | Noticed a boulder beetle
   252 | D        | Noticed a merfolk siren
   258 | D        | Killed a merfolk siren
   259 | D        | Reached XP level 6. HP: 45/45 MP: 14/20
   302 | D        | Learned a level 4 spell: Airstrike
   302 | D        | Found Suqu's Jewellery Shoppe.
   302 | D        | Found Vausmab's Magic Scroll Shoppe.
   302 | D        | Found Izolaiz's Antique Armour Emporium.
   302 | D        | Found Ighiups's Jewellery Emporium.
   302 | D        | Found Kymm's Distillery.
   302 | D        | Found Gulyrauvo's Book Shoppe.
   303 | D        | Found Ufubon's Antique Armour Shoppe.
   303 | D        | Found Qonam Voe's Magic Scroll Emporium.
   304 | D        | Found Rumic's Weapon Shoppe.
   304 | D        | Found Puraatho's Antique Weapon Emporium.
   304 | D        | Noticed a manticore
   305 | D        | Found Tedaj's Distillery.
   307 | D        | Noticed a manticore
   308 | D        | Found Ceozxuunt's Antique Weapon Shoppe.
   308 | D        | Found Orhax's Jewellery Emporium.
   308 | D        | Noticed a manticore
   308 | D        | Noticed an oklob plant
   309 | D        | Found Maonijytoem's General Store.
   309 | D        | Found Amoacrit's Book Shoppe.
   311 | D        | Noticed a water moccasin
   313 | D        | Noticed a water moccasin
   314 | D        | Noticed a water moccasin
   327 | D        | Noticed a slime creature
   330 | D        | Noticed a slime creature
   348 | D        | Bought a potion of lignification for 33 gold pieces
   444 | D        | Noticed a centaur warrior
   444 | D        | Noticed Kirke
   444 | D        | Noticed a yaktaur captain
   445 | D        | Noticed a skeletal warrior
   446 | D        | Shot with a bolt by a yaktaur captain

Illustrated notes

Levels and vault maps discovered:
D:        the_violet_keep_of_menkaure [sprint2_stairs_cluster_1,
          sprint2_shoproom, sprint2_temple, sprint2_basic_supplies,
          sprint2_obstacle_5, sprint2_obstacle_1, sprint2_obstacle_2,
          sprint2_obstacle_4, sprint2_obstacle_7, sprint2_timed_cluster_1,
          sprint2_smallroom_cluster_1, sprint2_smallroom_final_cluster_1,
          sprint2_transparent_cluster_1, sprint2_second_timed_cluster_1,
          sprint2_sniper_area_1, sprint2_heavy_combat_area_1,
          sprint2_mutation_trap_area_1, sprint2_forest_area_1,
          sprint2_light_combat_area_1, sprint2_behind_water_1,
          sprint2_near_end_vault_1]

Skill      XL: |  1  2  3  4  5 |
---------------+----------------+-----
Spellcasting   | 4 6 7 |  7.7
Conjurations   | 4 6 8 |  8.2
Air Magic      | 5 7 8 |  8.7
Dodging        | |  1.7
Stealth        | |  1.7

Action                   |  1- 3 |  4- 6 || total
-------------------------+-------+-------++-------
Melee: Unarmed           |     3 |     6 ||     9
 Cast: Shock             |     5 |     7 ||    12
       Airstrike         |       |     1 ||     1
       Static Discharge  |       |     1 ||     1
  Use: Potion            |     1 |       ||     1
Dodge: Dodged            |       |     6 ||     6
